 Dungeon Crawl Stone Soup version 0.17-a0-1093-g0b3cd89 (webtiles) character file.

44 YOLOxTooMuchSWAG the Magician (level 3, 0/14 HPs)
             Began as a Felid Wizard on May 20, 2015.
             Slain by a gnoll
             ... wielding a +0 spear
              (7 damage)
             ... on level 2 of the Dungeon.
             The game lasted 00:05:31 (2035 turns).

YOLOxTooMuchSWAG the Magician (Felid Wizard)        Turns: 2035, Time: 00:05:31

Health: 0/14       AC:  1    Str:  3    XL:     3   Next: 39%
Magic:  2/8        EV: 12    Int: 20    God:
Gold:   63         SH:  0    Dex: 14    Spells: 1 memorised, 7 levels left
                                        Lives:  0   Deaths: 0

rFire  . . .     SeeInvis +       - Unarmed
rCold  . . .     Clarity  .     (armour unavailable)
rNeg   + . .     SustAb   .     (shield unavailable)
rPois  .         Gourm    .     (helmet unavailable)
rElec  .         Spirit   .     (cloak unavailable)
rCorr  +         Warding  .     (gloves unavailable)
rMut   .         Stasis   .     (boots unavailable)
MR     .....                    c - amulet of resist corrosion
Stlth  +++.......               l - ring of see invisible
                                d - ring of positive energy

@: very slightly contaminated, quick, not resistant to hostile enchantments,
fairly stealthy
A: no armour, no weapons or thrown items, claws 1, fangs 3, see invisible,
carnivore 3, speed 1, shaggy fur 1, slow metabolism 1, sharp paws
a: no special abilities


You were on level 2 of the Dungeon.
You were not hungry.

You visited 1 branch of the dungeon, and saw 2 of its levels.

You collected 63 gold pieces.

Inventory:

Jewellery
 c - an amulet of resist corrosion (around neck)
 d - a ring of positive energy (left paw)
 l - a ring of see invisible (right paw)
Scrolls
 e - a scroll of immolation {unknown}
 g - a scroll of teleportation {unknown}
 j - a scroll of identify {unknown}
 k - a scroll of magic mapping {unknown}
 n - a scroll of random uselessness {unknown}
Potions
 h - a potion of heal wounds {unknown}
Books
 a - a book of Minor Magic

   Spells                             Type                      Level
   a - Magic Dart                     Conjuration                  1
   b - Blink                          Translocation                2
   c - Call Imp                       Summoning                    2
   d - Repel Missiles                 Charms/Air                   2
   e - Slow                           Hexes                        2
   f - Conjure Flame                  Conjuration/Fire             3
   g - Mephitic Cloud                 Conjuration/Poison/Air       3
Miscellaneous
 f - a plain deck of summoning
Comestibles
 b - 2 meat rations
 i - a beef jerky
 m - a chunk of flesh


   Skills:
 - Level 2.6 Dodging
 - Level 2.6 Stealth
 - Level 1.3 Unarmed Combat
 - Level 3.0 Spellcasting
 + Level 2.6 Conjurations
   Level 1.0 Summonings
   Level 1.5 Translocations


You had 7 spell levels left.
You knew the following spells:

 Your Spells              Type           Power        Failure   Level  Hunger
a - Magic Dart            Conj           ##..         6%          1    None


Dungeon Overview and Level Annotations

Branches:
Dungeon (2/15)

Altars:
Nemelex Xobeh
Xom

Annotations:
D:1 exclusions: door and 1 more exclusion


Innate Abilities, Weirdness & Mutations

You cannot wear armour.
You are incapable of wielding weapons or throwing items.
You have sharp claws.
You have razor-sharp teeth.
You have supernaturally acute eyesight.
You are carnivorous and can eat meat at any time.
You cover ground quickly.
You are covered in fur (AC +1).
You have a slow metabolism.
Your sharp claws are effective at attacking unaware monsters.


Message History

Ouch! That really hurt!
Unknown command.
There is a stone staircase leading up here.
Casting: Magic Dart
Confirm with . or Enter, or press ? or * to list all spells.
Aiming: Magic Dart
Press: ? - help, Shift-Dir - straight line, f/p - gnoll
Aim: a gnoll, wielding a club and wearing a robe (heavily wounded)
The magic dart hits the gnoll.
The gnoll is heavily wounded.
Casting: Magic Dart
Confirm with . or Enter, or press ? or * to list all spells.
Aiming: Magic Dart
Press: ? - help, Shift-Dir - straight line, f/p - gnoll
Aim: a gnoll, wielding a club and wearing a robe (heavily wounded)
The magic dart hits the gnoll.
The gnoll is severely wounded.
The gnoll hits you from afar with a spear!
Ouch! That really hurt!
You die...

#. #.# #.#.# #.## #g #.###.#.#
#.## #>###.....#.## #...
#g#..........# #### .
#.#####.#..# # .g#. #.#..# #
....#####g#..####### #
.............†......# #
........@.g...#####.# # #
g..#.......##.# #.# # #.
#.##..####.##.# #.# #
#.##.##..####)##.#####.#####
######....##.....................
....##..#.##.# #.......####.#####
###.##...†...# #.#####.# #.#
###.###.#.##.###.# .# #.# ....#
#.#.###....# #.#


You could see 3 gnolls.

Vanquished Creatures
  An adder (D:2)
  2 worms
  A giant gecko (D:1)
  4 bats
  6 goblins
  2 jackals (D:2)
  2 giant newts
  3 kobolds
  8 rats
29 creatures vanquished.

Notes
Turn   | Place    | Note
--------------------------------------------------------------
     0 | D:1      | YOLOxTooMuchSWAG the Felid Wizard began the quest for the Orb.
     0 | D:1      | Reached XP level 1. HP: 7/7 MP: 5/5
   250 | D:1      | Reached skill level 1 in Unarmed Combat
   560 | D:1      | Reached skill level 1 in Conjurations
   956 | D:1      | Reached XP level 2. HP: 11/11 MP: 4/7
  1058 | D:1      | Found a sparkling altar of Nemelex Xobeh.
  1526 | D:2      | Found a shimmering altar of Xom.
  1529 | D:2      | Found a shimmering altar of Xom.
  1539 | D:2      | Found a shimmering altar of Xom.
  1759 | D:2      | Reached XP level 3. HP: 14/14 MP: 6/8
  2035 | D:2      | Slain by a gnoll

Vault maps used:
D:1:      dpeg_arrival_connections, nemelex_deck
D:2:      xom_redecorated

Action                   || total
-------------------------++-------
Melee: Unarmed           ||    31
 Cast: Magic Dart        ||    75
  Use: Potion            ||     1
  Eat: Chunk             ||     1
